 Dungeon Crawl Stone Soup version 0.28.0-43-g3370ac3207 (webtiles) character file.

Game seed: 7196190828614131776

186 RascalDebosk the Magician (level 5, 0/28 HPs)
             Began as a Deep Elf Fire Elementalist on Mar 27, 2022.
             Succumbed to an adder's poison
             ... on level 3 of the Dungeon.
             The game lasted 00:30:19 (2432 turns).

RascalDebosk the Magician (DEFE)                    Turns: 2432, Time: 00:30:20

Health: 0/28       AC:  4    Str:  5    XL:     5   Next: 38%
Magic:  3/13       EV: 12    Int: 22    God:
Gold:   108        SH:  0    Dex: 15    Spells: 2/12 levels left

rFire   . . .      SeeInvis .   e - +0 dagger
rCold   . . .      Faith    .   (no shield)
rNeg    . . .      Spirit   .   n - +0 leather armour
rPois   .          Reflect  .   f - +0 helmet
rElec   .          Harm     .   (no cloak)
rCorr   .          Rampage  .   (no gloves)
Will    .....                   (no boots)
Stlth   ++........              (no amulet)
HPRegen 0.09/turn               (no ring)
MPRegen 0.13/turn               (no ring)

@: lethally poisoned (0 -> -7)
A: no striking features
a: no special abilities


You were on level 3 of the Dungeon.
You visited 1 branch of the dungeon, and saw 3 of its levels.

You collected 108 gold pieces.

Inventory:

Hand Weapons
 e - a +0 dagger (weapon)
Missiles
 d - 74 stones
Armour
 a - a +0 robe
 f - a +0 helmet (worn)
 l - a +1 hat
 n - a +0 leather armour (worn)
Scrolls
 b - 3 scrolls of immolation {unknown}
 h - a scroll of vulnerability {unknown}
 i - a scroll of identify {unknown}
Potions
 c - a potion of heal wounds {unknown}
 g - 3 potions of mutation {unknown}
 j - a potion of ambrosia {unknown}
 k - 2 potions of resistance {unknown}
 m - 2 potions of degeneration {unknown}
 o - a potion of haste {unknown}


   Skills:
 + Level 3.6 Dodging
 + Level 3.9 Stealth
 + Level 4.2 Spellcasting
 + Level 2.7 Conjurations
 + Level 4.1 Fire Magic


You had 2 spell levels left.
You knew the following spells:

 Your Spells              Type           Power      Damage    Failure   Level
a - Foxfire               Conj/Fire      80%        2x1d8     4%          1
b - Scorch                Fire           46%        2d7       4%          2
c - Flame Wave            Conj/Fire      20%        2d7       41%         4
d - Conjure Flame         Conj/Fire      20%        6-21      13%         3

Your spell library contained the following spells:

 Spells                   Type           Power      Damage    Failure   Level
 Inner Flame              Hex/Fire       13%        N/A       24%         3


Dungeon Overview and Level Annotations

Branches:
Dungeon (3/15)

Altars:


Message History

The adder closely misses you. The adder bites you.
You barely miss the adder. The adder misses you.
You miss the adder. The adder barely misses you.
You closely miss the adder. The adder barely misses you. x2
You hit the adder but do no damage. The adder bites you.
You closely miss the adder. The adder bites you.
You barely miss the adder. The adder barely misses you.
You hit the adder. You punch the adder.
The adder is moderately wounded.
The adder closely misses you. x2
You hit the adder.
The adder is severely wounded.
The adder barely misses you.
You hit the adder but do no damage.
The adder is severely wounded.
The adder bites you but does no damage.
You hit the adder.
The adder is severely wounded.
The adder misses you. The adder bites you.
You hit the adder but do no damage.
The adder is severely wounded.
The adder bites you.
You are poisoned.
The adder poisons you!
You barely miss the adder.
The adder is severely wounded.
You feel sick. The adder bites you.
You are lethally poisoned!
The adder poisons you!
You hit the adder.
The adder is almost dead.
* * * LOW HITPOINT WARNING * * *
You feel very sick. The adder bites you but does no damage.
The adder bites you.
* * * LOW HITPOINT WARNING * * *
You hit the adder.
You kill the adder!
* * * LOW HITPOINT WARNING * * *
You feel sick.
You die...

#.# #..#
###.## #.#
#.####....#
#.#
###.###......
#.#
#...##.......
#.#
##.###..#.....
#.#
#.............
#.#
#.##.......###
#.#
#.###.####...#
#@# #.###.#
###.. #)#
#....[# ##.
#.# ####### #.
#.# #. #.## ##
#..### #
##..$# #
##....# #
#....#


There were no monsters in sight!

Vanquished Creatures
  A howler monkey (D:2)
  9 adders
  A worm (D:2)
  5 dart slugs
  2 orcs (D:3)
  6 endoplasms
  3 giant cockroaches
  5 goblins
  4 hobgoblins
  5 jackals (D:1)
  A quokka (D:2)
  3 ball pythons (D:1)
  2 bats (D:3)
  A frilled lizard (D:2)
  4 kobolds (D:1)
  2 rats (D:1)
54 creatures vanquished.

Vanquished Creatures (collateral kills)
  2 foxfires (D:1)
2 creatures vanquished.

Vanquished Creatures (others)
  114 foxfires
  7 plants (D:1)
121 creatures vanquished.

Grand Total: 177 creatures vanquished

Notes
Turn   | Place    | Note
-------+----------+-------------------------------------------
     0 | D:1      | RascalDebosk the Deep Elf Fire Elementalist began the quest
                  | for the Orb.
     0 | D:1      | Reached XP level 1. HP: 10/10 MP: 6/6
   383 | D:1      | Reached XP level 2. HP: 15/15 MP: 2/8
   604 | D:1      | Found a faded altar of an unknown god.
   659 | D:1      | Learned a level 2 spell: Scorch
  1277 | D:1      | Reached XP level 3. HP: 19/19 MP: 3/9
  1579 | D:2      | Reached XP level 4. HP: 24/24 MP: 6/11
  1724 | D:2      | Learned a level 4 spell: Flame Wave
  2009 | D:3      | Learned a level 3 spell: Conjure Flame
  2109 | D:3      | Reached XP level 5. HP: 28/28 MP: 8/13
  2432 | D:3      | Succumbed to an adder's poison

Illustrated notes

Levels and vault maps discovered:
D:1:      roderic_crossed_star, layout_basic, hellmonk_ecumenical_altar_zigzags,
          serial_bayou_pond_c, minmay_small_reverse_x
D:2:      layout_rooms
D:3:      layout_rooms, lightli_sewer_entry_pipes

Skill      XL: |  1  2  3  4 |
---------------+-------------+-----
Stealth        | 3 |  3.9
Dodging        | 3 |  3.6
Conjurations   | 2 |  2.7
Fire Magic     | 4 |  4.1
Spellcasting   | 4 |  4.2

Action                   |  1- 3 |  4- 6 || total
-------------------------+-------+-------++-------
Melee: Dagger            |    10 |    16 ||    26
       Punch             |       |     1 ||     1
 Cast: Foxfire           |    48 |    23 ||    71
       Scorch            |     7 |    15 ||    22
Armor: Robe              |     6 |     1 ||     7
       Leather armour    |       |     5 ||     5
Dodge: Dodged            |    13 |    25 ||    38
